 Dungeon Crawl Stone Soup version 0.26.1-11-gd32895ea62 (webtiles) character file.

Game seed: 4509374714746882442

13371 sankara the Severer (level 12, 0/93 HPs)
             Began as a Hill Orc Fighter on May 23, 2021.
             Was a High Priest of Okawaru.
             Killed from afar by a starcursed mass (8 damage)
             ... with an accursed screaming
             ... on level 1 of the Abyss.
             The game lasted 00:43:49 (14244 turns).

sankara the Severer (Hill Orc Fighter)             Turns: 14244, Time: 00:43:49

Health: 0/93       AC: 23    Str: 20    XL:     12   Next: 5%
Magic:  16/16      EV: 10    Int:  9    God:    Okawaru [*****.]
Gold:   1195       SH: 13    Dex: 13    Spells: 9/11 levels left

rFire    + . .     SeeInvis .   a - +0 broad axe
rCold    . . .     Faith    .   c - +1 kite shield
rNeg     . . .     Spirit   .   R - +0 plate armour
rPois    +         Reflect  .   X - +2 helmet
rElec    .         Harm     .   s - +2 cloak {rPois}
rCorr    .         Rampage  .   (no gloves)
Will     .....                  Z - +0 pair of boots
Stlth    ..........             (no amulet)
HPRegen  0.25/turn              F - ring of protection from fire
MPRegen  0.15/turn              P - +4 ring of evasion

@: no status effects
A: no striking features
a: Renounce Religion, Heroism, Finesse


You were on level 1 of the Abyss.
You worshipped Okawaru.
Okawaru was extremely pleased with you.
You visited 2 branches of the dungeon, and saw 11 of its levels.
You visited the Abyss 1 time.
You also visited: Ossuary and Bailey.

You collected 1455 gold pieces.
You spent 260 gold pieces at shops.

Inventory:

Hand Weapons
 a - a +0 broad axe (weapon)
 q - a +0 hunting sling
Missiles
 f - 365 stones
 k - 72 sling bullets
 n - 16 boomerangs
 p - a throwing net
 G - a curare-tipped dart
 H - 54 poisoned darts (quivered)
 S - 2 javelins
Armour
 c - a +1 kite shield (worn)
 s - a +2 cloak of poison resistance (worn)
 B - a +3 ring mail of fire resistance
 R - a +0 plate armour (worn)
 W - +0 acid dragon scales
 X - a +2 helmet (worn)
 Z - a +0 pair of boots (worn)
Jewellery
 F - a ring of protection from fire (left hand)
 M - an uncursed amulet of the acrobat {unknown}
 P - a +4 ring of evasion (right hand)
 V - an uncursed ring of protection from cold
Wands
 b - a wand of iceblast (11)
 t - a wand of acid (14)
 x - a wand of flame (7)
 U - a wand of paralysis (9)
Scrolls
 h - a scroll of fear
 i - 2 scrolls of magic mapping
 j - a scroll of blinking {unknown}
 m - 5 scrolls of teleportation
 r - 7 scrolls of remove curse
 w - a scroll of summoning
 C - 2 scrolls of fog
 J - a scroll of amnesia
 K - 4 scrolls of enchant weapon
 N - a scroll of identify
 Q - 5 scrolls of enchant armour
Potions
 e - 8 potions of heal wounds
 l - 3 potions of flight
 o - 9 potions of curing
 u - 2 potions of invisibility
 v - a potion of attraction
 y - 4 potions of lignification
 z - a potion of berserk rage {unknown}
 A - 4 potions of haste {unknown}
 D - 3 potions of degeneration {unknown}
 E - a potion of cancellation {unknown}
 I - 5 potions of might
 O - 2 potions of brilliance {unknown}
 T - a potion of resistance {unknown}
 Y - 2 potions of mutation {unknown}
Miscellaneous
 g - a box of beasts
 L - a phial of floods (inert)


   Skills:
 + Level 4.8 Fighting
 + Level 15.5 Axes
 + Level 10.4 Armour
 + Level 1.9 Dodging
 + Level 10.4 Shields
 + Level 0.9 Translocations
 + Level 6.0 Invocations
 + Level 2.3 Evocations


You had 9 spell levels left.
You knew the following spells:

 Your Spells              Type           Power        Failure   Level
b - Blink                 Tloc           N/A          100%        2

Your spell library contained the following spells:

 Spells                   Type           Power        Failure   Level
 Animate Skeleton         Necr           0%           100%        1
 Apportation              Tloc           2%           100%        1
 Corona                   Hex            0%           100%        1
 Freeze                   Ice            0%           100%        1
 Magic Dart               Conj           0%           100%        1
 Summon Small Mammal      Summ           0%           100%        1
 Call Imp                 Summ           0%           100%        2
 Slow                     Hex            0%           100%        2
 Conjure Flame            Conj/Fire      0%           100%        3
 Frozen Ramparts          Ice            0%           100%        3
 Mephitic Cloud           Conj/Pois/Air  0%           100%        3
 Ozocubu's Armour         Ice            0%           100%        3
 Hailstorm                Conj/Ice       0%           100%        4
 Summon Ice Beast         Ice/Summ       0%           100%        4


Dungeon Overview and Level Annotations

Branches:
Dungeon (10/15)            Temple (1/1) D:7         Ossuary (visited)
 Bailey (visited)
   Lair: D:8-11         Orc: D:9-12

Altars:
Ashenzari
Cheibriados
Dithmenos
Elyvilon
Fedhas
Gozag
Hepliaklqana
Kikubaaqudgha
Makhleb
Nemelex Xobeh
Okawaru
Qazlal
Ru
Sif Muna
Trog
Uskayaw
Vehumet
Wu Jian
Xom
Zin
The Shining One

Shops:
D:4 :   D:10 !:!

Annotations:
D:6 exclusion: oklob plant


Message History

You hit the starcursed mass.
The starcursed mass shrieks in your mind.
* * * LOW HITPOINT WARNING * * *
You hit the starcursed mass but do no damage.
The starcursed mass is almost destroyed.
The starcursed mass shrieks in your mind.
* * * LOW HITPOINT WARNING * * *
You hit the starcursed mass but do no damage.
The starcursed mass is almost destroyed.
You hit the starcursed mass.
The starcursed mass is almost destroyed.
The starcursed mass engulfs you but does no damage.
You hit the starcursed mass but do no damage.
The starcursed mass is almost destroyed.
The starcursed mass engulfs you.
* * * LOW HITPOINT WARNING * * *
You hit the starcursed mass.
The starcursed mass is almost destroyed.
The starcursed mass shrieks in your mind.
You die...

## ## # . ### .#
. ## . ## # . .##
# ## ##..# # #.
#########+###..#
. # .#
..#.....X@.#
.###...#....##.##
. # ##.#.#.#..
### . ... .. #.
## .#### #.#.. .
. # . # .##


You could see a starcursed mass.

Vanquished Creatures
  The ghost of Zeebu the Fighter, a journeyman GrFi of Okawaru (D:9)
  2 two-headed ogres
  5 orc knights (Bailey)
  2 ugly things (D:9)
  A manticore (D:8)
  A centaur zombie (D:10)
  Maggie (D:7)
  Grinder (D:3)
  Prince Ribbit (D:7)
  A wyvern (D:8)
  A yak (D:9)
  Edmund (D:5)
  An acid dragon (D:9)
  A water moccasin (D:9)
  3 sky beasts
  A black bear (D:4)
  11 orc warriors
  2 ice beasts
  6 ogres
  2 phantoms
  3 centaurs
  2 elf zombies (Ossuary)
  9 bullfrogs
  A water moccasin zombie (D:8)
  A wyvern skeleton (D:8)
  17 killer bees
  A scorpion (D:7)
  5 wights (D:7)
  2 howler monkeys
  5 starcursed masses (Abyss:1)
  4 hounds
  2 bullfrog zombies
  2 jellies
  A quasit (D:7)
  A human zombie (Ossuary)
  8 orc priests
  2 centaur skeletons
  7 orc wizards
  Crazy Yiuf (D:2)
  3 bullfrog skeletons
  An iron imp (D:5)
  Jessica (D:3)
  2 iguanas (D:5)
  6 worker ants
  A big kobold zombie (Ossuary)
  2 hound zombies
  A hound skeleton (D:9)
  4 mummies (Ossuary)
  10 gnolls
  10 adders
  A shadow imp (D:10)
  2 white imps
  An ufetubus (D:5)
  An ooze (D:2)
  2 adder skeletons
  3 worms
  4 dart slugs (D:1)
  10 leopard geckos
  54 orcs
  3 ball pythons
  5 giant cockroaches
  13 goblins
  8 hobgoblins
  7 jackals
  5 quokkas
  3 bats
  5 frilled lizards
  A giant cockroach zombie (D:5)
  A goblin skeleton (D:5)
  3 goblin zombies (Ossuary)
  4 hobgoblin zombies
  A jackal zombie (Ossuary)
  8 kobolds
  A kobold zombie (Ossuary)
  2 leopard gecko skeletons
  5 orc zombies
  A quokka skeleton (D:6)
  A quokka zombie (D:6)
  7 rats
322 creatures vanquished.

Vanquished Creatures (collateral kills)
  3 orcs (Bailey)
3 creatures vanquished.

Vanquished Creatures (others)
  2 orc warriors (Bailey)
  3 orcs (Bailey)
  15 toadstools (D:6)
20 creatures vanquished.

Grand Total: 345 creatures vanquished

Notes
Turn   | Place    | Note
-------+----------+-------------------------------------------
     0 | D:1      | sankara the Hill Orc Fighter began the quest for the Orb.
     0 | D:1      | Reached XP level 1. HP: 19/19 MP: 1/1
    53 | D:1      | Found a broken altar of Ashenzari.
    84 | D:1      | Reached skill level 3 in Axes
   365 | D:1      | Reached XP level 2. HP: 26/26 MP: 2/2
   414 | D:1      | Reached XP level 3. HP: 28/31 MP: 3/3
   967 | D:2      | Reached skill level 4 in Axes
  1033 | D:2      | Reached XP level 4. HP: 13/39 MP: 4/4
  1278 | D:2      | Found a runed translucent door.
  1279 | D:2      | Noticed Crazy Yiuf
  1986 | D:2      | Paralysed by Crazy Yiuf for 2 turns
  1991 | D:2      | Killed Crazy Yiuf
  1992 | D:2      | Reached skill level 5 in Axes
  1992 | D:2      | Reached XP level 5. HP: 14/45 MP: 5/5
  2434 | D:3      | Found an iron altar of Okawaru.
  2434 | D:3      | Noticed Grinder
  2451 | D:3      | Became a worshipper of Warmaster Okawaru
  2740 | D:3      | Noticed Jessica
  2747 | D:3      | Killed Jessica
  2817 | D:3      | Reached XP level 6. HP: 51/51 MP: 6/6
  2907 | D:3      | Paralysed by Grinder for 2 turns
  2910 | D:3      | Killed Grinder
  2911 | D:3      | Reached skill level 7 in Axes
  2911 | D:3      | Reached skill level 5 in Armour
  2911 | D:3      | Reached skill level 5 in Shields
  2911 | D:3      | Reached XP level 7. HP: 47/57 MP: 7/7
  3637 | D:4      | Found a sand-covered staircase.
  3643 | Ossuary  | Entered an ossuary
  3668 | Ossuary  | Reached * piety under Okawaru
  3834 | Ossuary  | Reached skill level 8 in Axes
  4286 | D:4      | Found Sapn's Book Shoppe.
  4356 | D:4      | Reached XP level 8. HP: 62/64 MP: 8/8
  4577 | D:4      | Found a stormy altar of Qazlal.
  4789 | D:4      | Reached skill level 9 in Axes
  4988 | D:5      | Entered Level 5 of the Dungeon
  5176 | D:5      | Found a glowing golden altar of the Shining One.
  5220 | D:5      | Reached ** piety under Okawaru
  5337 | D:5      | Noticed Edmund
  5354 | D:5      | Killed Edmund
  5355 | D:5      | Reached skill level 1 in Invocations
  5559 | D:5      | Reached skill level 10 in Axes
  5893 | D:5      | Reached XP level 9. HP: 52/70 MP: 10/10
  6758 | D:6      | Found an iron altar of Okawaru.
  6984 | D:6      | Reached skill level 11 in Axes
  7362 | D:6      | Found a blossoming altar of Fedhas.
  7385 | D:6      | Noticed an oklob plant
  7593 | D:7      | Reached *** piety under Okawaru
  7668 | D:7      | Noticed Maggie
  7686 | D:7      | Killed Maggie
  7935 | D:7      | Found a shadowy altar of Dithmenos.
  7998 | D:7      | Found a staircase to the Ecumenical Temple.
  8007 | Temple   | Entered the Ecumenical Temple
  8117 | D:7      | Noticed Prince Ribbit
  8149 | D:7      | Killed Prince Ribbit
  8150 | D:7      | Reached skill level 5 in Invocations
  8384 | D:7      | Reached skill level 12 in Axes
  8397 | D:7      | Reached XP level 10. HP: 49/77 MP: 11/13
  9101 | D:8      | Reached **** piety under Okawaru
  9116 | D:8      | Found an ancient bone altar of Kikubaaqudgha.
  9290 | D:8      | Found a shimmering blue altar of Sif Muna.
  9339 | D:8      | Noticed a two-headed ogre
  9350 | D:8      | Killed a two-headed ogre
  9351 | D:8      | Reached skill level 13 in Axes
  9560 | D:8      | Noticed a manticore
  9573 | D:8      | Killed a manticore
  9937 | D:8      | Found a broken altar of Ashenzari.
  9937 | D:8      | Found an opulent altar of Gozag.
  9943 | D:8      | Found a white marble altar of Elyvilon.
  9945 | D:8      | Found a burning altar of Makhleb.
  9947 | D:8      | Found a stormy altar of Qazlal.
  9994 | D:8      | Found Zin's Purification Station.
  9997 | D:8      | Found a glowing silver altar of Zin.
 10515 | D:9      | Noticed a two-headed ogre
 10535 | D:9      | Killed a two-headed ogre
 10536 | D:9      | Reached skill level 14 in Axes
 10541 | D:9      | Reached XP level 11. HP: 51/82 MP: 14/14
 10949 | D:9      | Noticed a white ugly thing
 10950 | D:9      | Found an opulent altar of Gozag.
 10950 | D:9      | Found a white marble altar of Elyvilon.
 10951 | D:9      | Noticed a green ugly thing
 10952 | D:9      | Found a shimmering blue altar of Sif Muna.
 10952 | D:9      | Found a stormy altar of Qazlal.
 10966 | D:9      | Killed a green ugly thing
 10978 | D:9      | Killed a green ugly thing
 11900 | D:9      | Found a runed translucent door.
 11900 | D:9      | Noticed Zeebu's ghost (journeyman GrFi)
 11979 | D:9      | Killed Zeebu's ghost
 11980 | D:9      | Reached skill level 15 in Axes
 11980 | D:9      | Reached skill level 10 in Armour
 12200 | D:10     | Entered Level 10 of the Dungeon
 12210 | D:10     | Found a flagged portal.
 12243 | Bailey   | Entered a bailey
 12262 | Bailey   | Reached skill level 10 in Shields
 12412 | Bailey   | Noticed an orc knight
 12413 | Bailey   | Noticed an orc knight
 12431 | Bailey   | HP: 2/83 [orc/+0 spear (3)]
 12462 | Bailey   | Killed an orc knight
 12465 | Bailey   | Killed an orc knight
 12465 | Bailey   | Reached ***** piety under Okawaru
 12466 | Bailey   | Reached skill level 1 in Dodging
 12466 | Bailey   | Reached skill level 1 in Evocations
 12773 | Bailey   | Noticed an orc knight
 12773 | Bailey   | Noticed an orc knight
 12820 | Bailey   | Killed an orc knight
 12830 | Bailey   | Killed an orc knight
 12926 | Bailey   | Noticed an orc knight
 12940 | Bailey   | Killed an orc knight
 13212 | D:10     | Identified a scroll of acquirement
 13212 | D:10     | Acquired 545 gold pieces
 13373 | D:4      | Bought a book of Minor Magic for 260 gold pieces
 13376 | D:4      | Learned a level 2 spell: Blink
 13903 | D:10     | Found Dall's Distillery.
 13946 | D:10     | Found Birchick's Book Emporium.
 14055 | D:10     | Reached XP level 12. HP: 92/92 MP: 16/16
 14136 | D:10     | Found Qiack's Distillery.
 14187 | D:10     | Cast into level 1 of the Abyss (orc)
 14205 | Abyss:1  | Noticed a starcursed mass
 14244 | Abyss:1  | Killed from afar by a starcursed mass

Illustrated notes

Levels and vault maps discovered:
D:1:      giann_wishing_wells, layout_basic, nicolae_ashenzari_panopticon
D:2:      layout_loops_ring, uniq_crazy_yiuf_cottage
D:3:      layout_basic, kennysheep_small_spiral, okawaru_gym_becter,
          uniq_jessica, uniq_grinder
D:4:      layout_basic, serial_shops, kennysheep_mini, enter_ossuary_5,
          grunt_qazlal_clouds
D:5:      layout_loops_ring, nicolae_tso_besieged_by_evil, uniq_edmund
D:6:      layout_loops_cross, kennysheep_little_box, tgw_fedhas
D:7:      lemuel_ice_spiral_2, layout_rooms, general_overflow_altar,
          minmay_temple_entry_butterflies, serial_glass, glass_columns_b,
          glass_columns_a, uniq_maggie, uniq_prince_ribbit1
D:8:      layout_basic, chequers_temple_overflow_minitemple, zin_purify,
          overflow_temple_1_default, kiku_gazebo_garden_becter
D:9:      minmay_the_grid_octo_tiled_octocenter [minmay_the_grid_octo_clover,
          minmay_the_grid_octo_tetromino_candy, minmay_the_grid_octo_shrine,
          minmay_the_grid_octo_thin_diamonds, minmay_the_grid_octo_prize_big_c,
          minmay_the_grid_square_5x5_fat_x,
          minmay_the_grid_square_5x5_trominoes,
          minmay_the_grid_square_5x5_forky,
          minmay_the_grid_square_5x5_tri_point], layout_long_grid,
          nicolae_overflow_hidden_temple, gammafunk_ghost_grave
D:10:     layout_irregular_city, serial_shops, shop, shop, shop, enter_bailey_5,
          minmay_misc_feat_encased, hex_large, kennysheep_flooded_box
Temple:   eino_wide_crystal_templ
Abyss:1:  base: D:8, hangedman_cross_veins, abyss_exit_lava

Skill      XL: |  1  2  3  4  5  6  7  8  9 10 11 |
---------------+----------------------------------+-----
Axes           | 3 4 5 7 8 10 12 14 15 | 15.5
Armour         | 4 5 6 8 9 10 | 10.4
Shields        | 4 5 6 7 9 10 | 10.4
Invocations    | 2 5 6 |  6.0
Fighting       | 4 |  4.8
Dodging        | 1 |  1.9
Evocations     | 2 |  2.3
Translocations | |  0.9

Action                   |  1- 3 |  4- 6 |  7- 9 | 10-12 || total
-------------------------+-------+-------+-------+-------++-------
Melee: War axe           |    76 |    22 |   533 |   256 ||   887
       Whip              |       |   101 |       |       ||   101
       Broad axe         |       |       |       |   304 ||   304
Throw: Dart              |       |       |     9 |    26 ||    35
Invok: Heroism           |       |       |     6 |    19 ||    25
Evoke: Wand              |       |       |     5 |    14 ||    19
       Phial of floods   |       |       |       |     1 ||     1
  Use: Potion            |       |     1 |       |     2 ||     3
       Scroll            |       |       |    13 |     9 ||    22
Armor: Scale mail        |    32 |    21 |       |       ||    53
       Chain mail        |       |    13 |   253 |    41 ||   307
       Plate armour      |       |       |       |   159 ||   159
Dodge: Dodged            |    18 |    26 |   101 |   182 ||   327
Block: Kite shield       |    48 |    51 |   290 |   368 ||   757
